 Dungeon Crawl Stone Soup version 0.29.0-4-gdea44cf6ec (webtiles) character file.

Game seed: 13240018175974738970

201 qw the Chopper (level 5, -2/30 HPs)
             Began as a Tengu Warper on Aug 28, 2022.
             Was an Initiate of Okawaru.
             Slain by Menkaure (6 damage)
             ... on level 5 of the Dungeon.
             The game lasted 00:00:25 (4348 turns).

qw the Chopper (Tengu Warper)                       Turns: 4348, Time: 00:00:25

Health: -2/30      AC: 11    Str: 12 (13) XL:     5   Next: 79%
Magic:  9/9        EV:  4    Int: 10 (13) God:    Okawaru [......]
Gold:   202        SH:  0    Dex: 11 (14) Spells: 8/8 levels left

rFire   . . .      SeeInvis .   Y - +0 war axe
rCold   . . .      Faith    .   (no shield)
rNeg    . . .      Spirit   .   n - +0 plate armour
rPois   +          Reflect  .   (helmet restricted)
rElec   .          Harm     .   (no cloak)
rCorr   .          Rampage  .   (no gloves)
Will    .....                   (boots unavailable)
Stlth   ..........              (no amulet)
HPRegen 0.10/turn               m - ring of poison resistance
MPRegen 0.11/turn               (no ring)

@: about to teleport, weak-willed, flying quickly and evasively, quick
A: beak, talons 3, nimble flight
a: Renounce Religion


You were on level 5 of the Dungeon.
You worshipped Okawaru.
Okawaru was noncommittal.
You visited 2 branches of the dungeon, and saw 6 of its levels.

You collected 202 gold pieces.


Innate Abilities, Weirdness & Mutations

You have a beak for a mouth.
You have claws for feet.
Your magical nature lets you fly swiftly and evasively.


   Skills:
 - Level 2.0 Fighting
 - Level 6.0 Axes
 - Level 1.0 Throwing
 + Level 2.4 Armour
 - Level 2.1 Dodging
 - Level 2.0 Spellcasting
 - Level 2.4 Translocations


You had 8 spell levels left.
You didn't know any spells.
Your spell library contained the following spells:

 Spells                   Type           Power      Damage    Failure   Level
 Blink                    Tloc           10%        N/A       100%        2
 Gell's Gravitas          Tloc           5%         N/A       100%        3
 Lesser Beckoning         Tloc           5%         N/A       100%        3
 Teleport Other           Tloc           5%         N/A       100%        3
 Manifold Assault         Tloc           5%         N/A       100%        5

Inventory:

Hand Weapons
 c - a +0 vorpal morningstar
 Y - a +0 war axe (weapon)
Armour
 n - a +0 plate armour (worn)
Jewellery
 m - a ring of poison resistance (left hand)
Potions
 a - a potion of heal wounds {unknown}
 b - a potion of resistance {unknown}
 h - a potion of brilliance {unknown}

Dungeon Overview and Level Annotations

Branches:
Dungeon (5/15)             Temple (1/1) D:4

Altars:
Ashenzari
Cheibriados
Dithmenos
Elyvilon
Fedhas
Gozag
Hepliaklqana
Kikubaaqudgha
Makhleb
Nemelex Xobeh
Okawaru
Qazlal
Ru
Sif Muna
Trog
Uskayaw
Vehumet
Wu Jian
Xom
Yredelemnul
Zin
The Shining One

Annotations:
D:5 Menkaure


Message History

4328 ||| READING scroll labelled ALO FEIBEM.
As you read the scroll labelled ALO FEIBEM, it crumbles to dust.
Magic quickly surges around you.
It was a scroll of vulnerability.
Done exploring.
(D) Dungeon (T) Temple
Where to? (* - list waypoints, Enter - D:4, ? - help)
What level of the Dungeon? (default 1, ? - help)
There is a stone staircase leading up here.
There is a stone staircase leading down here.
You fly downwards.
Menkaure shouts!
Found a dagger, 11 stones and a glowing falchion.
Found two stone staircases leading down.
There is a stone staircase leading up here.
Menkaure is nearby!
Existing waypoints: (1) D:4 (2) Temple Assign waypoint to what number? (0-9, D - delete waypoint) Waypoint 2 re-assigned from Temple to D:5.
Enter note:
Found 5 stones.
Menkaure's bandages flutter.
Menkaure grins.
Menkaure hits you but does no damage.
You barely miss Menkaure. Your kick misses Menkaure. Menkaure hits you.
You closely miss Menkaure. Your kick misses Menkaure. You peck Menkaure.
Menkaure is lightly damaged.
Menkaure hits you.
You slash Menkaure! You claw Menkaure. Your peck misses Menkaure.
Menkaure is heavily damaged.
Menkaure hits you!!
Ouch! That really hurt!
4347 ||| READING scroll of teleportation.
As you read the scroll of teleportation, it crumbles to dust.
You feel strangely unstable.
You slash Menkaure!
Menkaure is almost destroyed.
Menkaure hits you.
You die...

#############
##.....#.....##
##(..........(.##
#...............#
#.........(...>.#
#...............#
#...).M@..<.>...#
..................
#........)......##
##.............##
##.....#.....##
#############


You could see Menkaure.

Vanquished Creatures
  A jelly (D:4)
  An iguana (D:4)
  6 adders
  A worm (D:2)
  9 orcs
  7 bats
  6 endoplasms
  6 giant cockroaches
  6 hobgoblins
  4 jackals (D:3)
  4 quokkas
  5 ball pythons
  4 frilled lizards
  6 goblins (D:1)
  6 kobolds
  6 rats
78 creatures vanquished.

Notes
Turn   | Place    | Note
-------+----------+-------------------------------------------
     0 | D:1      | qw the Tengu Warper began the quest for the Orb.
     0 | D:1      | Reached XP level 1. HP: 12/12 MP: 4/4
     0 | D:1      | 0 ||| qw: Version: 0.1-a-89-g26bdef1
     0 | D:1      | 0 ||| qw: Game counter: 135
     0 | D:1      | 0 ||| qw: Always use a shield: true
     0 | D:1      | 0 ||| qw: God list: Okawaru
     0 | D:1      | 0 ||| qw: Allow faded altars: false
     0 | D:1      | 0 ||| qw: Do Orc after D:15 true
     0 | D:1      | 0 ||| qw: Do second Lair branch before Depths: true
     0 | D:1      | 0 ||| qw: Lair rune preference: random
     0 | D:1      | 0 ||| qw: Plans: Normal
     0 | D:1      | 0 ||| PLANNING D:1-11
   184 | D:1      | Reached XP level 2. HP: 17/17 MP: 6/6
   205 | D:1      | Reached skill level 3 in Axes
   508 | D:1      | 508 ||| Stepping ~*~*~tactically~*~*~ (stealth).
   510 | D:1      | 510 ||| Stepping ~*~*~tactically~*~*~ (stealth).
   512 | D:1      | 512 ||| Stepping ~*~*~tactically~*~*~ (stealth).
   520 | D:1      | 520 ||| Stepping ~*~*~tactically~*~*~ (stealth).
   903 | D:1      | Reached XP level 3. HP: 21/21 MP: 7/7
  1117 | D:1      | 1117 ||| Stepping ~*~*~tactically~*~*~ (stealth).
  1118 | D:1      | 1118 ||| Stepping ~*~*~tactically~*~*~ (stealth).
  1174 | D:1      | Reached skill level 4 in Axes
  1265 | D:1      | 1265 ||| UPGRADING to +0 plate armour.
  1275 | D:1      | 1275 ||| DROPPING +0 leather armour.
  1276 | D:1      | 1276 ||| DROPPING amulet of faith.
  1277 | D:1      | 1277 ||| UPGRADING to ring of poison resistance.
  1278 | D:1      | 1278 ||| READING 2 scrolls labelled VIUSEO HOARIE.
  1379 | D:1      | 1379 ||| READING scroll labelled NYSALL YCAFF.
  1380 | D:1      | 1380 ||| READING scroll labelled UNUOFE BEIL NEL.
  1381 | D:1      | 1381 ||| READING scroll labelled MIKO CO GYGINA.
  1382 | D:1      | 1382 ||| READING scroll labelled XAXAABUPOKYE.
  1387 | D:1      | 1387 ||| DROPPING scroll of silence.
  1388 | D:1      | 1388 ||| DROPPING scroll of blinking.
  1410 | D:2      | Found a faded altar of an unknown god.
  1415 | D:2      | 1415 ||| STAIRDANCE
  1428 | D:2      | 1428 ||| STAIRDANCE
  1656 | D:2      | Reached XP level 4. HP: 26/26 MP: 8/8
  1983 | D:2      | 1983 ||| Stepping ~*~*~tactically~*~*~ (stealth).
  2039 | D:2      | 2039 ||| Stepping ~*~*~tactically~*~*~ (stealth).
  2042 | D:2      | 2042 ||| Stepping ~*~*~tactically~*~*~ (stealth).
  2101 | D:2      | 2101 ||| DROPPING +0 club.
  2259 | D:2      | 2259 ||| READING scroll labelled LUPRUU FUFYM.
  2543 | D:3      | 2543 ||| READING 3 scrolls of enchant weapon.
  2543 | D:3      | 2543 ||| ENCHANTING +1 hand axe.
  2544 | D:3      | 2544 ||| READING 2 scrolls of enchant weapon.
  2544 | D:3      | 2544 ||| ENCHANTING +2 hand axe.
  2545 | D:3      | 2545 ||| READING scroll of enchant weapon.
  2545 | D:3      | 2545 ||| ENCHANTING +3 hand axe.
  2627 | D:3      | Found a snail-covered altar of Cheibriados.
  2744 | D:3      | Found a blossoming altar of Fedhas.
  2753 | D:3      | Reached skill level 5 in Axes
  2991 | D:3      | Gained mutation: Your magical nature lets you fly swiftly
                  | and evasively. [Tengu growth]
  2991 | D:3      | Reached XP level 5. HP: 30/30 MP: 9/9
  2998 | D:3      | 2998 ||| READING scroll labelled PIZIUL PIPYMUPT.
  2999 | D:3      | 2999 ||| READING scroll labelled QEGEUT TOSEO.
  3000 | D:3      | 3000 ||| DRINKING 3 purple potions.
  3001 | D:3      | 3001 ||| DROPPING 2 potions of flight.
  3320 | D:4      | Found a staircase to the Ecumenical Temple.
  3321 | D:4      | 3321 ||| PLANNING TEMPLE
  3321 | D:4      | 3321 ||| DRINKING 2 glowing golden potions.
  3322 | D:4      | 3322 ||| DROPPING potion of degeneration.
  3331 | Temple   | Entered the Ecumenical Temple
  3352 | Temple   | Became a worshipper of Warmaster Okawaru
  3456 | Temple   | 3456 ||| PLANNING D:1-11
  3516 | D:4      | 3516 ||| DROPPING +0 whip.
  3650 | D:4      | 3650 ||| Stepping ~*~*~tactically~*~*~ (stealth).
  3651 | D:4      | 3651 ||| Stepping ~*~*~tactically~*~*~ (stealth).
  3652 | D:4      | 3652 ||| Stepping ~*~*~tactically~*~*~ (stealth).
  3662 | D:4      | 3662 ||| DROPPING +0 flail.
  3706 | D:4      | Reached skill level 6 in Axes
  3811 | D:4      | 3811 ||| SWAPPING to +0 war axe.
  3836 | D:4      | 3836 ||| DROPPING +4 hand axe.
  3963 | D:4      | Found a glowing silver altar of Zin.
  4327 | D:4      | 4327 ||| READING scroll labelled GIAMAA VOTH.
  4328 | D:4      | 4328 ||| READING scroll labelled ALO FEIBEM.
  4340 | D:5      | Entered Level 5 of the Dungeon
  4340 | D:5      | Noticed Menkaure
  4346 | D:5      | HP: 4/30 [Menkaure (20)]
  4347 | D:5      | 4347 ||| READING scroll of teleportation.
  4348 | D:5      | Slain by Menkaure

Levels and vault maps discovered:
D:1:      lemuel_arrival_cross, layout_basic
D:2:      layout_basic, nicolae_ecumenical_pavilion
D:3:      layout_basic, cheibriados_altar_2, amcnicky_altar_gilded
D:4:      cheibrodos_helix_gallery, layout_layer_cave, zin_statuary,
          minmay_temple_entry_sparse_star, roderic_roman_lattice,
          chequers_mini_garden
D:5:      layout_rooms, minmay_misc_feat_iff, kennysheep_cross_bottleneck,
          minmay_diced_spiral, uniq_pikel, uniq_sigmund, uniq_menkaure
Temple:   nicolae_temple_bog_church

Skill      XL: |  1  2  3  4  5 |
---------------+----------------+-----
Axes           | 3 4 5 6 |  6.0
Armour         | 2 |  2.4
Fighting       | |  2.0
Throwing       | |  1.0
Dodging        | |  2.1
Spellcasting   | |  2.0
Translocations | |  2.4

Action                   |  1- 3 |  4- 6 || total
-------------------------+-------+-------++-------
Melee: Hand axe          |    94 |    98 ||   192
       Kick              |    18 |    22 ||    40
       Peck              |     7 |    10 ||    17
       Punch             |     1 |     1 ||     2
       War axe           |       |     8 ||     8
Throw: Boomerang         |     7 |    16 ||    23
  Use: Scroll            |     5 |     9 ||    14
       Potion            |       |     2 ||     2
Armor: Leather armour    |    19 |       ||    19
       Plate armour      |    19 |    62 ||    81
Dodge: Dodged            |    46 |     7 ||    53

Table legend:
 A = Non-vault XP
 B = Vault XP
 C = Vault XP percentage of total XP
 D = Non-vault monster count
 E = Vault monster count
 F = Vault count percentage of total count
                 A         B        C        D         E       F
            +---------+---------+-------+---------+---------+-------
      Total |     283 |       5 |   1.7 |      76 |       2 |   2.6
            +---------+---------+-------+---------+---------+-------
        D:1 |      48 |       0 |   0.0 |      29 |       0 |   0.0
        D:2 |      82 |       0 |   0.0 |      19 |       0 |   0.0
        D:3 |      35 |       0 |   0.0 |      13 |       0 |   0.0
        D:4 |     118 |       5 |   4.1 |      15 |       2 |  11.8
            +---------+---------+-------+---------+---------+-------
